 Dungeon Crawl Stone Soup version 0.24.0-41-g2ae2f7f1be (console) character file.

Game seed: 1457602911396469448, levelgen mode: deterministic

154 Kagalorn the Ruffian (level 5, 0/40 HPs)
             Began as a Draconian Transmuter on Dec 9, 2019.
             Killed from afar by Natasha (8 damage)
             ... with a magic dart
             ... on level 3 of the Dungeon.
             The game lasted 00:03:53 (2421 turns).

Kagalorn the Ruffian (Draconian Transmuter)         Turns: 2421, Time: 00:03:53

Health: 0/40       AC:  0    Str: 12    XL:     5   Next: 13%
Magic:  8/8        EV: 19    Int: 15    God:
Gold:   163        SH:  0    Dex: 16    Spells: 7/8 levels left

rFire    . . .     SeeInvis .     - Unarmed
rCold    . . .     Gourm    .   (shield currently unavailable)
rNeg     . . .     Faith    .   (armour unavailable)
rPois    .         Spirit   .   (helmet currently unavailable)
rElec    .         Reflect  .   (cloak currently unavailable)
rCorr    .         Harm     .   (gloves currently unavailable)
MR       .....                  (boots currently unavailable)
Stlth    +.........             (no amulet)
HPRegen  0.13/turn              (ring currently unavailable)
MPRegen  0.11/turn              (ring currently unavailable)

@: bat-form, flying, very quick
A: tiny, unfitting armour, AC +5
a: no special abilities


You were on level 3 of the Dungeon.
You were not hungry.
You were in bat-form.
You visited 1 branch of the dungeon, and saw 3 of its levels.

You collected 163 gold pieces.

Inventory:

Missiles
 a - 30 arrows
Jewellery
 k - an uncursed ring of stealth {unknown}
 l - an uncursed ring of protection from magic {unknown}
Wands
 o - a wand of random effects (13)
Scrolls
 d - 5 scrolls of identify {unknown}
 e - 2 scrolls of remove curse {unknown}
 g - 6 scrolls of teleportation {unknown}
 i - a scroll of fog {unknown}
 j - a scroll of immolation {unknown}
 n - a scroll of random uselessness {unknown}
Potions
 b - a potion of magic {unknown}
 f - 2 potions of curing {unknown}
 h - a potion of lignification {unknown}
 m - a potion of brilliance {unknown}
Comestibles
 c - 5 rations


   Skills:
 - Level 1.1 Fighting
 - Level 1.7 Dodging
 * Level 5.2 Unarmed Combat
 - Level 2.0 Spellcasting
 * Level 3.3 Transmutations


You had 7 spell levels left.
You knew the following spells:

 Your Spells              Type           Power        Failure   Level  Hunger
a - Beastly Appendage     Tmut           ##....       6%          1    #......

Your spell library contained the following spells:

 Spells                   Type           Power        Failure   Level  Hunger
 Sticks to Snakes         Tmut           ##......     9%          2    ###....
 Corona                   Hex            #......      22%         1    #......
 Ensorcelled Hibernation  Hex/Ice        #.....       32%         2    ###....
 Spider Form              Tmut/Pois      #.........   34%         3    ###....
 Confuse                  Hex            #.......     54%         3    ###....
 Dazzling Spray           Conj/Hex       #.....       54%         3    ###....
 Tukima's Dance           Hex            #.......     54%         3    ###....
 Ice Form                 Ice/Tmut       #.......     75%         4    #####..
 Blade Hands              Tmut           ##........   85%         5    ######.


Dungeon Overview and Level Annotations

Branches:
Dungeon (3/15)

Altars:
Dithmenos
Nemelex Xobeh
Okawaru
The Shining One

Annotations:
D:3 Grinder, Natasha


Innate Abilities, Weirdness & Mutations

((Your plain brown scales are hard. (AC +5)))
You cannot fit into any form of body armour.
((You are cold-blooded and may be slowed by cold attacks.))


Message History

Natasha stares at you and mumbles some strange words.
You resist with some effort.
You hit Natasha.
Natasha is moderately wounded.
Natasha completely misses you.
You hit Natasha.
Natasha is heavily wounded.
Natasha casts a spell at you. The magic dart hits you!
* * * LOW HITPOINT WARNING * * *
Evoke which item? (* to show all) (? for menu, Esc to quit)
Aiming: Random Effects
Press: ? - help, Shift-Dir - straight line, f - Natasha
Aim: Natasha, carrying a wand of polymorph (8) (heavily wounded) Natasha resists with some effort.
Natasha wildly gestures.
Natasha shimmers violently.
Natasha stares at you and mumbles some strange words.
The magic dart hits you!
You die...

..# #..# #.# ..# ###..#
#.# ... .....# #.# #.#
#..#####.# #.#
#.....<..# #.#
###.#.#.#... #.##
#)......†...
##.#####..###.##..####.#
#......b5...#.##..# #..
..####h####.#.##.## ###
#.....##...##.#
#.......#...##.#
#.......#.#.##.#
....._.h...#.##.#
#.#....r..#....... ..###
#.#.......#......# #....
# ##.....##....#.#######


You could see Natasha and a crimson imp.

Vanquished Creatures
  A hound (D:3)
  Natasha (twice) (D:3)
  2 adders
  3 gnolls
  A dart slug (D:2)
  2 orcs (D:3)
  A giant cockroach (D:1)
  A goblin (D:1)
  4 hobgoblins
  2 kobolds
  4 bats
  3 frilled lizards
  4 rats
30 creatures vanquished.

Notes
Turn   | Place    | Note
-------+----------+-------------------------------------------
     0 | D:1      | Kagalorn the Draconian Transmuter began the quest for the
                  | Orb.
     0 | D:1      | Reached XP level 1. HP: 16/16 MP: 3/3
  1026 | D:2      | Reached XP level 2. HP: 23/23 MP: 3/5
  1084 | D:2      | Found a shadowy altar of Dithmenos.
  1218 | D:2      | Reached skill level 4 in Unarmed Combat
  1218 | D:2      | Reached XP level 3. HP: 25/28 MP: 4/6
  1537 | D:2      | Found a glowing golden altar of the Shining One.
  1807 | D:3      | Found a sparkling altar of Nemelex Xobeh.
  1861 | D:3      | Noticed Natasha
  1874 | D:3      | Killed Natasha
  1874 | D:3      | Reached XP level 4. HP: 6/35 MP: 7/7
  2262 | D:3      | Noticed Natasha
  2270 | D:3      | Killed Natasha
  2270 | D:3      | Reached skill level 5 in Unarmed Combat
  2270 | D:3      | Reached XP level 5. HP: 37/40 MP: 6/8
  2308 | D:3      | Noticed Grinder
  2405 | D:3      | Found an iron altar of Okawaru.
  2406 | D:3      | Noticed Natasha
  2421 | D:3      | Killed from afar by Natasha

Levels and vault maps discovered:
D:1:      dpeg_arrival_boxes_within_box, layout_loops_corners
D:2:      layout_rooms, lemuel_doored_altar, grunt_dithmenos_smoke
D:3:      layout_loops_ring, nemelex_xobeh_ov_fountains_minmay,
          marbit_many_paths, old_standard_altar, uniq_grinder, uniq_natasha,
          uniq_ijyb

Skill      XL: |  1  2  3  4 |
---------------+-------------+-----
Unarmed Combat | 4 5 |  5.2
Transmutations | 3 |  3.3
Fighting       | |  1.1
Dodging        | |  1.7
Spellcasting   | |  2.0

Action                   |  1- 3 |  4- 6 || total
-------------------------+-------+-------++-------
Melee: Unarmed           |    86 |    44 ||   130
       Tailslap          |     9 |     1 ||    10
       Kick              |     6 |     1 ||     7
       Headbutt          |    11 |     3 ||    14
       Punch             |     1 |     1 ||     2
 Cast: Beastly Appendage |    16 |     4 ||    20
Evoke: Wand              |       |     1 ||     1
 Stab: Sleeping          |     2 |     1 ||     3
  Eat: Chunk             |     2 |       ||     2
       Ration            |       |     1 ||     1
Armor: Skin              |    14 |    24 ||    38
Dodge: Dodged            |    40 |    34 ||    74
